 Dungeon Crawl Stone Soup version 0.19-a0-49-gb8736b8 (webtiles) character file.

23 M4edhros the Grave Robber (level 2, -2/17 HPs)
             Began as an Octopode Necromancer on May 6, 2016.
             Slain by Robin
             ... wielding a +1 short sword of venom
              (3 damage)
             ... on level 3 of the Dungeon.
             The game lasted 00:01:31 (348 turns).

M4edhros the Grave Robber (Octopode Necromancer)     Turns: 348, Time: 00:01:32

Health: -2/17      AC:  1    Str: 12    XL:     2   Next: 95%
Magic:  5/5        EV: 12    Int: 22    God:
Gold:   9          SH:  0    Dex: 12    Spells: 1 memorised, 4 levels left

rFire  + . .     SeeInvis .       - Unarmed
rCold  + . .     Gourm    .     (no shield)
rNeg   . . .     Faith    .     (helmet restricted)
rPois  +         Spirit   .     (no amulet)
rElec  +         Dismiss  .     (no ring)
rCorr  +         Reflect  .     (no ring)
SustAt .         Harm     .     (no ring)
MR     .....                    (no ring)
Stlth  +++.......               (no ring)
                                (no ring)
                                (no ring)
                                (no ring)

@: mighty, brilliant, resistant, not resistant to hostile enchantments, fairly
stealthy
A: almost no armour, amphibious, 8 rings, constrict 8, camouflage 1, gelatinous
body 1
a: no special abilities


You were on level 3 of the Dungeon.
You were not hungry.

You visited 1 branch of the dungeon, and saw 3 of its levels.

You collected 9 gold pieces.

Inventory:

Scrolls
 d - a scroll of teleportation {unknown}
 e - a scroll of enchant armour {unknown}
Potions
 f - a potion of might
Books
 a - a book of Necromancy

   Spells                             Type                      Level
   a - Pain                           Necromancy                   1
   b - Animate Skeleton               Necromancy                   1
   c - Vampiric Draining              Necromancy                   3
   d - Regeneration                   Charms/Necromancy            3
   e - Animate Dead                   Necromancy                   4
   f - Control Undead                 Necromancy                   4
Comestibles
 b - 2 bread rations


   Skills:
 - Level 2.0 Dodging
 - Level 2.6 Stealth
 + Level 2.4 Unarmed Combat
 - Level 2.0 Spellcasting
 - Level 4.0 Necromancy


You had 4 spell levels left.
You knew the following spells:

 Your Spells              Type           Power        Failure   Level  Hunger
a - Pain                  Necr           ####         1%          1    #......


Dungeon Overview and Level Annotations

Branches:
Dungeon (3/15)

Altars:
Dithmenos
The Shining One

Annotations:
D:3 Robin; jyri's ghost, amateur DECj


Innate Abilities, Weirdness & Mutations

You cannot wear most types of armour.
You are amphibious.
You can wear up to eight rings at the same time.
You can use your tentacles to constrict eight enemies at once.
Your skin changes colour to match your surroundings (Stealth).
Your rubbery body absorbs attacks (AC +1).


Message History

You tentacle-slap the hobgoblin. Your grab misses the hobgoblin.
The hobgoblin is moderately wounded.
The goblin hits you but does no damage. The hobgoblin closely misses you.
Drink which item? (? for menu, Esc to quit)
It was a potion of brilliance.
You feel clever all of a sudden. The goblin closely misses you.
The hobgoblin misses you.
You bludgeon the hobgoblin!
You kill the hobgoblin!
The goblin hits you but does no damage.
You bludgeon the goblin!
You kill the goblin!
The goblin misses you.
You bludgeon Robin! You grab Robin.
Robin is severely wounded.
You constrict Robin, but do no damage. The goblin hits you with a dagger.
* * * LOW HITPOINT WARNING * * *
Robin says, "A pitiful Octopus like you will never find the ORB!"
Robin hits you with a short sword of venom.
You die...

#.#########.#.....###
..####### #.....#...#
........####....#.#.#####
..#####.#.......#.......#
.## #...<..#.....####.# .#
###..).##.........# .#
#....#####......# .#
#....###.g.....## .#
#...†##)@####..##
#......g#####...#
#†....#g)g.gg..##
#..#....######g#
##...<....# #.#
..####...#####.....gg......
.......<## ####..##...g..
..####### #.# .g.... ..
g†..g


You could see Robin and 2 goblins.

Vanquished Creatures
  A dart slug (D:1)
  2 orcs (D:3)
  5 goblins (D:3)
  3 hobgoblins (D:3)
  3 kobolds
  A bat (D:3)
  2 rats (D:1)
17 creatures vanquished.

Notes
Turn   | Place    | Note
--------------------------------------------------------------
     0 | D:1      | M4edhros the Octopode Necromancer began the quest for the Orb.
     0 | D:1      | Reached XP level 1. HP: 11/11 MP: 3/3
    88 | D:1      | Reached skill level 1 in Unarmed Combat
   137 | D:1      | Reached XP level 2. HP: 15/17 MP: 1/5
   278 | D:3      | Found a shadowy altar of Dithmenos.
   279 | D:3      | Found a glowing golden altar of the Shining One.
   279 | D:3      | Noticed jyri's ghost (amateur DECj)
   328 | D:3      | Noticed Robin
   348 | D:3      | Slain by Robin

Vault maps used:
D:1:      lightli_arrival_windingriver, minmay_misc_feat_ornament
D:2:      marbit_many_paths, minmay_liquid_box
D:3:      lemuel_zombie_altar_kikubaaqudgha,
          gammafunk_temple_overflow_forgotten, minmay_misc_feat_cross,
          gammafunk_pakellas_spire_experiment, uniq_robin

Skill      XL: |  1  2 |
---------------+-------+-----
Unarmed Combat | 1 2 |  2.4
Dodging        | |  2.0
Stealth        | |  2.6
Spellcasting   | |  2.0
Necromancy     | |  4.0

Action                   || total
-------------------------++-------
Melee: Unarmed           ||    25
       Constrict         ||    10
       Tentacles         ||     3
 Cast: Pain              ||    11
  Use: Potion            ||     3
 Stab: Sleeping          ||     3
Armor: Skin              ||     2
Dodge: Dodged            ||    15
